 Dungeon Crawl Stone Soup version 0.25-a0-178-gc9f82b1288 (webtiles) character file.

Game seed: 13038728204558485817, levelgen mode: deterministic

217 vurker the Magician (level 5, -1/29 HPs)
             Began as a Deep Elf Wizard on Nov 26, 2019.
             Shot with an arrow by a centaur (19 damage)
             ... on level 3 of the Dungeon.
             The game lasted 00:06:42 (3920 turns).

vurker the Magician (Deep Elf Wizard)               Turns: 3920, Time: 00:06:42

Health: -1/29      AC:  2    Str:  4    XL:     5   Next: 62%
Magic:  10/15      EV: 13    Int: 24    God:
Gold:   114        SH:  0    Dex: 13    Spells: 4/15 levels left

rFire    . . .     SeeInvis .   j - +1 short sword (drain)
rCold    . . .     Gourm    .   (no shield)
rNeg     . . .     Faith    .   a - +0 robe
rPois    .         Spirit   .   b - +0 hat
rElec    .         Reflect  .   (no cloak)
rCorr    .         Harm     .   (no gloves)
MR       .....                  (no boots)
Stlth    ++........             (no amulet)
HPRegen  0.09/turn              (no ring)
MPRegen  0.14/turn              (no ring)

@: no status effects
A: no striking features
a: no special abilities


You were on level 3 of the Dungeon.
You were not hungry.

You visited 1 branch of the dungeon, and saw 3 of its levels.

You collected 114 gold pieces.

Inventory:

Hand Weapons
 j - a +1 short sword of draining (weapon)
   (You took it off a kobold on level 2 of the Dungeon)
Armour
 a - a +0 robe (worn)
 b - a +0 hat (worn)
Wands
 k - a wand of enslavement (5)
   (You found it on level 2 of the Dungeon)
Scrolls
 c - a scroll of blinking
 h - a scroll of fog {unknown}
Potions
 f - a potion of invisibility
 g - a potion of cancellation
 i - a potion of lignification
 l - a potion of haste {unknown}
Comestibles
 d - 4 chunks of flesh
 e - 6 rations


   Skills:
 + Level 1.3 Fighting
 - Level 2.4 Dodging
 - Level 2.4 Stealth
 * Level 5.8 Spellcasting
 * Level 3.2 Conjurations
 + Level 2.2 Summonings
 + Level 1.7 Translocations
 + Level 1.0 Fire Magic
 - Level 1.0 Air Magic
 + Level 1.0 Poison Magic


You had 4 spell levels left.
You knew the following spells:

 Your Spells              Type           Power        Failure   Level  Hunger
a - Magic Dart            Conj           ###.         2%          1    None
b - Call Imp              Summ           ###.....     4%          2    None
c - Conjure Flame         Conj/Fire      ###.....     10%         3    #......
w - Blink                 Tloc           N/A          6%          2    None
x - Mephitic Cloud        Conj/Pois/Air  ###.....     12%         3    #......

Your spell library contained the following spells:

 Spells                   Type           Power        Failure   Level  Hunger
 Slow                     Hex            #.......     12%         2    None


Dungeon Overview and Level Annotations

Branches:
Dungeon (3/15)

Altars:
Ru
Trog
Wu Jian
Yredelemnul


Message History

You can't see any susceptible monsters within range! (Use Z to cast anyway.)
You can't see any susceptible monsters within range! (Use Z to cast anyway.) Some of the chunks of flesh in your inventory have rotted away.
A leopard gecko comes into view.
Aim: a leopard gecko (resting)
The magic dart hits the leopard gecko.
The leopard gecko hisses angrily.
Aim: a leopard gecko (severely wounded)
The magic dart hits the leopard gecko.
You kill the leopard gecko!
You can't see any susceptible monsters within range! (Use Z to cast anyway.)
You butcher the leopard gecko corpse.
d - 4 chunks of flesh (gained 1)
You see here a leopard gecko skeleton. x2
A leopard gecko comes into view.
A leopard gecko is nearby!
Aim: a leopard gecko (hasn't noticed you)
The magic dart hits the leopard gecko.
You kill the leopard gecko!
You can't see any susceptible monsters within range! (Use Z to cast anyway.)
You can't see any susceptible monsters within range! (Use Z to cast anyway.)
A centaur comes into view.
Aim: a centaur (hasn't noticed you)
The magic dart hits the centaur.
The centaur shouts!
The centaur wields a +0 shortbow.
The centaur shoots an arrow.
The arrow hits you.
Aim: a centaur, wielding a +0 shortbow (moderately wounded)
The magic dart hits the centaur.
The centaur shoots an arrow.
The arrow hits you!
A metallic apparition takes form in the air.
The centaur shoots an arrow.
The arrow barely misses you.
The centaur shoots an arrow.
The arrow closely misses you.
You swap places.
A beastly little devil appears in a puff of frigid air.
The centaur shoots an arrow.
The arrow hits your iron imp!
Your iron imp hits the centaur!
What are your orders? t - Shout!
Orders for allies: a - Attack new target. p - Attack previous target. r - Retreat! s - Stop attacking. g - Guard the area. f - Follow me.
Anything else - Cancel.
Gang up on whom?
Aim: a centaur, wielding a +0 shortbow (severely wounded) Attack!
The centaur shoots an arrow.
The arrow hits your iron imp!
Your iron imp dies!
The centaur shoots an arrow.
The arrow hits you!!
Ouch! That really hurt!
You die...

#.####### #.#.# ........#
#รท#.# #.#####.# #.#.# #.#
#.# #.#.# #.# #.# #.#.# #.#
#.# #.#.#
#.#####.####.#.############
.............#..5..(.......
####....######..@..(c.#####
#..#########.#####.##
#..##<........# ...#
#..##.######..##..#.c#
#..##.# #.......?###...
#..##.###.##..##..#..#.#
#...............#...###.
###.##.###.##......#.#
#......# #.##.........


You could see a centaur and a friendly white imp.

Vanquished Creatures
  An orc priest (D:3)
  8 adders
  3 worms (D:3)
  3 dart slugs
  3 leopard geckos
  5 orcs (D:3)
  5 giant cockroaches
  9 goblins
  6 hobgoblins
  2 jackals (D:1)
  9 kobolds
  A quokka (D:2)
  8 bats
  8 rats
71 creatures vanquished.

Vanquished Creatures (collateral kills)
  An iguana (D:3)
  An adder (D:2)
  A worm (D:2)
  A dart slug (D:1)
  A hobgoblin (D:2)
  A jackal (D:1)
  A frilled lizard (D:1)
7 creatures vanquished.

Grand Total: 78 creatures vanquished

Notes
Turn   | Place    | Note
-------+----------+-------------------------------------------
     0 | D:1      | vurker the Deep Elf Wizard began the quest for the Orb.
     0 | D:1      | Reached XP level 1. HP: 10/10 MP: 7/7
   373 | D:1      | Reached XP level 2. HP: 15/15 MP: 7/9
   403 | D:1      | Learned a level 2 spell: Call Imp
  1373 | D:1      | Reached skill level 5 in Spellcasting
  1373 | D:1      | Reached XP level 3. HP: 20/20 MP: 5/11
  1819 | D:1      | Learned a level 2 spell: Blink
  1823 | D:1      | Learned a level 3 spell: Conjure Flame
  1827 | D:1      | Learned a level 3 spell: Mephitic Cloud
  1933 | D:2      | Reached skill level 1 in Fighting
  2249 | D:2      | Reached XP level 4. HP: 25/25 MP: 10/13
  2610 | D:2      | Found an ornate altar of the Wu Jian Council.
  2610 | D:2      | Found a sacrificial altar of Ru.
  3316 | D:3      | Reached XP level 5. HP: 29/29 MP: 11/15
  3355 | D:3      | Found a bloodstained altar of Trog.
  3365 | D:3      | Reached skill level 1 in Air Magic
  3463 | D:3      | Reached skill level 1 in Fire Magic
  3463 | D:3      | Reached skill level 1 in Poison Magic
  3795 | D:3      | Found a basalt altar of Yredelemnul.
  3912 | D:3      | Noticed a centaur
  3920 | D:3      | Shot with an arrow by a centaur

Levels and vault maps discovered:
D:1:      dpeg_arrival_three_same_balls, layout_loops_ring, serial_forest,
          infiniplex_forest_clump_diagonal, infiniplex_forest_end_2,
          infiniplex_forest_fountain, infiniplex_forest_lined_room_2,
          roderic_lattice_a, minivault_26
D:2:      layout_basic, gammafunk_temple_overflow_wave, first_ration,
          st_stairs_14
D:3:      layout_loops_ring, nicolae_overflow_hidden_temple,
          trog_three_pillars_becter

Skill      XL: |  1  2  3  4  5 |
---------------+----------------+-----
Conjurations   | 2 3 |  3.2
Spellcasting   | 5 |  5.8
Fighting       | 1 |  1.3
Air Magic      | 1 |  1.0
Summonings     | 2 |  2.2
Fire Magic     | 1 |  1.0
Poison Magic   | 1 |  1.0
Dodging        | |  2.4
Stealth        | |  2.4
Translocations | |  1.7

Action                   |  1- 3 |  4- 6 || total
-------------------------+-------+-------++-------
Melee: Unarmed           |     5 |       ||     5
 Cast: Magic Dart        |    90 |   111 ||   201
       Call Imp          |     4 |     4 ||     8
  Use: Scroll            |       |     7 ||     7
  Eat: Chunk             |     4 |     5 ||     9
Armor: Robe              |     4 |       ||     4
Dodge: Dodged            |    20 |    13 ||    33

Table legend:
 A = Non-vault XP
 B = Vault XP
 C = Vault XP percentage of total XP
 D = Non-vault monster count
 E = Vault monster count
 F = Vault count percentage of total count
                 A         B        C        D         E       F
            +---------+---------+-------+---------+---------+-------
      Total |     309 |       2 |   0.6 |      77 |       1 |   1.3
            +---------+---------+-------+---------+---------+-------
        D:1 |      47 |       0 |   0.0 |      26 |       0 |   0.0
        D:2 |      85 |       2 |   2.3 |      20 |       1 |   4.8
        D:3 |     177 |       0 |   0.0 |      31 |       0 |   0.0
            +---------+---------+-------+---------+---------+-------
